 Dungeon Crawl Stone Soup version 0.30-a0-57-g8b159a9891 (webtiles) character file.

Game seed: 3127629073156621797

68 Conn the Firebug (level 4, -1/27 HPs)
             Began as an Octopode Fire Elementalist on Sept 11, 2022.
             Killed from afar by Sigmund (10 damage)
             ... with a puff of flame
             ... on level 2 of the Dungeon.
             The game lasted 00:06:10 (1853 turns).

Conn the Firebug (Octopode Fire Elementalist)       Turns: 1853, Time: 00:06:23

Health: -1/27      AC:  1    Str:  7    XL:     4   Next: 19%
Magic:  0/7        EV: 13    Int: 19    God:
Gold:   92         SH:  0    Dex: 12    Spells: 2/8 levels left

rFire   . . .      SeeInvis .    j - +2 demon trident (venom)
rCold   . . .      Faith    .    (no shield)
rNeg    . . .      Spirit   +    (helmet restricted)
rPois   .          Reflect  .    e - amulet of guardian spirit
rElec   .          Harm     .    g - ring of wizardry
rCorr   .          Rampage  .    (no ring)
Will    .....                    (no ring)
Stlth   +++.......               (no ring)
HPRegen 0.09/turn                (no ring)
MPRegen 0.10/turn                (no ring)
                                 (no ring)
                                 (no ring)

@: no status effects
A: almost no armour, amphibious, 8 rings, camouflage 1, gelatinous body 1,
(nimble swimmer 1), tentacles
a: no special abilities


You were on level 2 of the Dungeon.
You visited 1 branch of the dungeon, and saw 2 of its levels.

You collected 92 gold pieces.

Inventory:

Hand Weapons
 b - a +0 dagger
 j - a +2 demon trident of venom (weapon)
Jewellery
 e - an amulet of guardian spirit (around mantle)
 g - a ring of wizardry (left tentacle)
Scrolls
 c - 2 scrolls of identify
 f - a scroll of teleportation
 h - a scroll of torment
 k - a scroll of fear {unknown}
 l - a scroll of silence {unknown}
 m - a scroll of magic mapping {unknown}
Potions
 d - 2 potions of haste


   Skills:
 * Level 0.1 Polearms
 + Level 2.0 Dodging
 + Level 3.6 Stealth
 + Level 2.6 Spellcasting
 * Level 1.7 Conjurations
 + Level 3.7 Fire Magic


You had 2 spell levels left.
You knew the following spells:

 Your Spells              Type           Power      Damage    Failure   Level
a - Foxfire               Conj/Fire      48%        2x1d6     2%          1
b - Conjure Flame         Conj/Fire      12%        6-21      6%          3
e - Scorch                Fire           32%        2d7       2%          2

Your spell library contained the following spells:

 Spells                   Type           Power      Damage    Failure   Level
 Freeze                   Ice            8%         1d3       6%          1
 Inner Flame              Hex/Fire       9%         N/A       9%          3
 Frozen Ramparts          Ice            4%         1d1       19%         3
 Flame Wave               Conj/Fire      12%        2d6       21%         4
 Hailstorm                Conj/Ice       5%         3d4       38%         4


Dungeon Overview and Level Annotations

Branches:
Dungeon (2/15)

Altars:

Annotations:
D:2 Sigmund


Innate Abilities, Weirdness & Mutations

You cannot wear most types of armour.
You are amphibious.
You can wear up to eight rings at the same time.
Your skin changes colour to match your surroundings (Stealth+).
Your rubbery body absorbs attacks. (AC +1, EV +1)
((You are camouflaged when in or above water. (Stealth+)))
You have tentacles for arms and can constrict up to eight enemies at once.


Message History

Confirm with . or Enter, or press ? or * to list all spells.
You don't have enough magic to cast this spell.
Magic courses through your body. Something hits you!
Casting: Foxfire (safe; 2% risk of failure)
Confirm with . or Enter, or press ? or * to list all spells.
Flames lash something.
Something hits you.
Casting: Scorch (safe; 2% risk of failure)
Confirm with . or Enter, or press ? or * to list all spells.
Flames lash something.
Okay, then.
Okay, then.
Unknown command.
Unknown command.
Unknown command.
Unknown command.
Casting: Scorch (safe; 2% risk of failure)
Confirm with . or Enter, or press ? or * to list all spells.
You conjure some foxfire!
Something hits you.
* * * LOW HITPOINT WARNING * * *
Okay, then.
You aren't carrying any items that you can evoke.
You aren't carrying any items that you can evoke.
Unknown command.
Unknown command.
Unknown command.
Unknown command.
Unknown command.
The foxfire hits something.
The foxfire hits something!
You aren't carrying any items that you can evoke.
Unknown command.
Unknown command.
Unknown command.
Unknown command.
Reach: j) +2 demon trident (venom)
Press: ? - help, Dir - move target You reach to attack!
You closely miss something.
You hear some strange, mumbled words.
A puff of flame appears from out of thin air!
The puff of flame hits you!
You die...

########## #####
#........#
##...####.######.#
#.........# ##.##
#>........# #..†#
#.....##.## ###...###
#....###.####.......####
#.#.## #.#.............#
#.#.####@#.##.......##.#
#.#.##.#.#.####...####.##
#.......{)...............
######.#.#.#####.#####.##
#.#.#.# #.# #.## #.#.# #
#.#####... #.#.#
^........# #.#.#
#.######.# ..... #.#


There were no monsters in sight!

Vanquished Creatures
  2 adders (D:2)
  A worm (D:2)
  2 endoplasms
  3 goblins
  4 hobgoblins
  5 jackals (D:1)
  7 ball pythons
  5 bats
  4 frilled lizards
  8 kobolds
  6 rats
47 creatures vanquished.

Vanquished Creatures (others)
  93 foxfires
93 creatures vanquished.

Grand Total: 140 creatures vanquished

Notes
Turn   | Place    | Note
-------+----------+-------------------------------------------
     0 | D:1      | Conn the Octopode Fire Elementalist began the quest for the
                  | Orb.
     0 | D:1      | Reached XP level 1. HP: 11/11 MP: 3/3
    80 | D:1      | Reached XP level 2. HP: 17/17 MP: 0/5
   695 | D:1      | Learned a level 2 spell: Scorch
   809 | D:1      | Reached XP level 3. HP: 19/21 MP: 2/6
  1361 | D:2      | Reached XP level 4. HP: 27/27 MP: 4/7
  1833 | D:2      | Noticed Sigmund
  1839 | D:2      | Learned a level 3 spell: Conjure Flame
  1853 | D:2      | Killed from afar by Sigmund

Illustrated notes

Levels and vault maps discovered:
D:1:      spicycebolla_arrival_ecumenical, layout_basic
D:2:      minmay_angry_zag, layout_loops_ring, uniq_sigmund

Skill      XL: |  1 |
---------------+----+-----
Stealth        | 3 |  3.6
Polearms       | |  0.1
Dodging        | |  2.0
Spellcasting   | |  2.6
Conjurations   | |  1.7
Fire Magic     | |  3.7

Action                   |  1- 3 |  4- 6 || total
-------------------------+-------+-------++-------
Melee: Tentacles         |    11 |       ||    11
       Unarmed           |     4 |       ||     4
       Constrict         |     7 |     2 ||     9
       Dagger            |    26 |     3 ||    29
       Demon trident     |       |     8 ||     8
 Cast: Foxfire           |    38 |    14 ||    52
       Scorch            |       |     3 ||     3
  Use: Scroll            |     4 |     1 ||     5
       Potion            |       |     2 ||     2
 Stab: Sleeping          |     4 |     3 ||     7
Dodge: Dodged            |    20 |     5 ||    25

Table legend: (Time is in decaauts)
 A = Elapsed time spent in this place.
 B = Non-inter-level travel time spent in this place.
 C = Inter-level travel time spent in this place.
 D = Time resting spent in this place.
 E = Time spent auto-exploring this place.
 F = Levels seen in this place.
 G = Mean time per level.
                   A        B        C        D        E       F      G
               +--------+--------+--------+--------+--------+-----+--------+
         Total |   1853 |   1770 |     83 |      0 |   1222 |   2 |  926.5 |
       Dungeon |   1853 |   1770 |     83 |      0 |   1222 |   2 |  926.5 |
               +--------+--------+--------+--------+--------+-----+--------+

Top non-repeatable levels by time:
     D:1: 1063 daAuts
     D:2: 790 daAuts
